 Dungeon Crawl Stone Soup version 0.24.1 (webtiles) character file.

Game seed: 17361121021613935896, levelgen mode: deterministic

36 Doot the Insei (level 3, -1/23 HPs)
             Began as an Octopode Transmuter on Apr 2, 2020.
             Slain by an adder (2 damage)
             ... on level 2 of the Dungeon.
             The game lasted 00:01:47 (1287 turns).

Doot the Insei (Octopode Transmuter)                Turns: 1287, Time: 00:01:47

Health: -1/23      AC:  1    Str: 10    XL:     3   Next: 37%
Magic:  6/7        EV: 13    Int: 20    God:
Gold:   50         SH:  0    Dex: 12    Spells: 4/7 levels left

rFire    . . .     SeeInvis .     - Unarmed
rCold    . . .     Gourm    .   (no shield)
rNeg     . . .     Faith    .   (helmet restricted)
rPois    .         Spirit   .   (no amulet)
rElec    .         Reflect  .   (no ring)
rCorr    .         Harm     .   (no ring)
MR       .....                  (no ring)
Stlth    ++........             (no ring)
HPRegen  0.07/turn              (no ring)
MPRegen  0.10/turn              (no ring)
                                (no ring)
                                (no ring)

@: brilliant, lethally poisoned (-1 -> -6), appendage (expiring)
A: almost no armour, stealthy swim, amphibious, 8 rings, constrict 8, tentacle
spike 3, camouflage 1, gelatinous body 1
a: End Transformation


You were on level 2 of the Dungeon.
You were not hungry.
One of your tentacles had a temporary spike.
You visited 1 branch of the dungeon, and saw 2 of its levels.

You collected 50 gold pieces.

Inventory:

Hand Weapons
 l - a +2 vampiric dagger
Missiles
 a - 45 arrows
 b - 8 curare-tipped darts (quivered)
Wands
 j - a wand of acid (9)
Scrolls
 d - a scroll of blinking {unknown}
 e - a scroll of identify {unknown}
 g - 3 scrolls of teleportation {unknown}
Potions
 f - 2 potions of might {unknown}
 h - a potion of degeneration {unknown}
 i - a potion of brilliance
Comestibles
 c - 3 rations


   Skills:
 + Level 1.0 Fighting
 + Level 2.0 Dodging
 + Level 0.2 Stealth
 + Level 3.5 Unarmed Combat
 + Level 2.7 Spellcasting
 + Level 2.2 Transmutations


You had 4 spell levels left.
You knew the following spells:

 Your Spells              Type           Power        Failure   Level  Hunger
a - Beastly Appendage     Tmut           ###...       1%          1    None
b - Sticks to Snakes      Tmut           ###.....     1%          2    ##.....

Your spell library contained the following spells:

 Spells                   Type           Power        Failure   Level  Hunger
 Spider Form              Tmut/Pois      ###.......   3%          3    ###....
 Ice Form                 Ice/Tmut       ###.....     11%         4    ####...
 Blade Hands              Tmut           ###.......   17%         5    ######.


Dungeon Overview and Level Annotations

Branches:
Dungeon (2/15)

Altars:


Innate Abilities, Weirdness & Mutations

You cannot wear most types of armour.
You are very stealthy in the water. (Stealth+)
You are amphibious.
You can wear up to eight rings at the same time.
You can use your tentacles to constrict eight enemies at once.
Your skin changes colour to match your surroundings (Stealth+).
Your rubbery body absorbs attacks. (AC +1, EV +1)
One of your tentacles bears a large vicious spike.


Message History

You barely miss the adder. Your grab misses the adder.
Your tentacle spike misses the adder.
The adder bites you.
You miss the adder. Your grab misses the adder. The adder misses you.
The adder closely misses you.
You closely miss the adder. You grab the adder. You constrict the adder.
The adder bites you.
* * * LOW HITPOINT WARNING * * *
You are lethally poisoned!
The adder poisons you!
You tentacle-slap the adder.
You pierce the adder.
The adder is severely wounded.
Your transformation is almost over.
You constrict the adder, but do no damage.
* * * LOW HITPOINT WARNING * * *
You feel sick. The adder barely misses you.
Unknown command.
It was a potion of brilliance.
You feel clever all of a sudden.
You constrict the adder. The adder bites you.
You die...

#(# #.# #.# ####
#.# #... #.# #...
#!# #... #S# #...
#@#############...
#>............'...
#.#############...
#.# ###[ #.# ##
#.+ ###


You could see an adder.

Vanquished Creatures
  An adder (D:2)
  A worm (D:2)
  A dart slug (D:2)
  3 giant cockroaches
  A goblin (D:2)
  7 jackals (D:2)
  3 kobolds
  A bat (D:1)
  2 rats
20 creatures vanquished.

Notes
Turn   | Place    | Note
-------+----------+-------------------------------------------
     0 | D:1      | Doot the Octopode Transmuter began the quest for the Orb.
     0 | D:1      | Reached XP level 1. HP: 13/13 MP: 3/3
   628 | D:2      | Reached XP level 2. HP: 13/18 MP: 3/5
   799 | D:2      | Learned a level 2 spell: Sticks to Snakes
   931 | D:2      | Reached XP level 3. HP: 20/23 MP: 5/7
  1286 | D:2      | HP: 1/23 [poisoned by an adder]
  1287 | D:2      | Slain by an adder

Levels and vault maps discovered:
D:1:      onia_arrival_pentagram, layout_basic
D:2:      layout_basic, amethyst_overflow_temple_binary

Action                   || total
-------------------------++-------
Melee: Unarmed           ||    52
       Constrict         ||    14
       Kick              ||    11
       Tentacles         ||     5
       Punch             ||     3
 Cast: Beastly Appendage ||    13
  Use: Potion            ||     1
  Eat: Chunk             ||     1
Armor: Skin              ||     2
Dodge: Dodged            ||    30
